 Dungeon Crawl Stone Soup version 0.21.1-1-g345015fe64 (webtiles) character file.

1260 Peloso the Slasher (level 8, 0/69 HPs)
             Began as a Minotaur Fighter on July 15, 2018.
             Was a Believer of Okawaru.
             Succumbed to a wight's poison
             ... on level 6 of the Dungeon.
             The game lasted 00:09:01 (4213 turns).

Peloso the Slasher (Minotaur Fighter)               Turns: 4213, Time: 00:09:02

Health: 0/69       AC:  9    Str: 22    XL:     8   Next: 27%
Magic:  7/7        EV:  6    Int:  5    God:    Okawaru [**....]
Gold:   385        SH: 10    Dex:  9    Spells: 7/7 levels left

rFire    + . .     SeeInvis .   n - -2 hand axe
rCold    x . .     Gourm    .   c - +0 shield
rNeg     . . .     Faith    .   d - +0 chain mail
rPois    .         Spirit   .   (helmet restricted)
rElec    .         Reflect  .   (no cloak)
rCorr    .         Harm     .   (no gloves)
MR       .....                  (no boots)
Stlth    ..........             (no amulet)
HPRegen  0.21/turn              q - ring of fire
MPRegen  0.10/turn              u - -2 ring of dexterity

@: lethally poisoned (0 -> -49), drained
A: retaliatory headbutt, horns 2
a: Heroism, Renounce Religion


You were on level 6 of the Dungeon.
You worshipped Okawaru.
Okawaru was pleased with you.
You were not hungry.

You visited 2 branches of the dungeon, and saw 7 of its levels.

You collected 385 gold pieces.

Inventory:

Hand Weapons
 a - a +1 long sword
 j - a +2 hand axe
 n - a -2 hand axe (weapon)
 s - a cursed -1 hand axe
Armour
 c - a +0 shield (worn)
 d - a +0 chain mail (worn)
Jewellery
 q - a ring of fire (left hand)
 u - a -2 ring of dexterity (right hand)
Wands
 b - a wand of polymorph (9)
Scrolls
 i - 3 scrolls of fear
 k - 2 scrolls of amnesia
 l - 3 scrolls of teleportation
Potions
 e - a potion of heal wounds
 g - 3 potions of haste
 h - a potion of curing {unknown}
 o - a potion of agility {unknown}
Comestibles
 f - 13 rations


   Skills:
 + Level 5.6(4.5) Fighting
 + Level 7.0(5.9) Long Blades
 + Level 1.0(0.1) Axes
 + Level 6.4(5.2) Armour
 + Level 2.8(1.7) Dodging
 + Level 0.5(0.0) Stealth
 + Level 7.0(5.9) Shields


You had 7 spell levels left.
You didn't know any spells.

Dungeon Overview and Level Annotations

Branches:
Dungeon (6/15)             Temple (1/1) D:4

Altars:
Ashenzari
Cheibriados
Dithmenos
Elyvilon
Gozag
Kikubaaqudgha
Makhleb
Nemelex Xobeh
Okawaru
Qazlal
Sif Muna
Trog
Uskayaw
Vehumet
Yredelemnul
Zin
The Shining One


Innate Abilities, Weirdness & Mutations

You reflexively headbutt those who attack you in melee.
You have a pair of horns on your head.


Message History

Unknown command.
You closely miss the wight.
* * * LOW HITPOINT WARNING * * *
You feel very sick.
The wight hits you with a scimitar of venom.
* * * LOW HITPOINT WARNING * * *
You feel drained.
* * * LOW HITPOINT WARNING * * *
You are more poisoned.
The wight hits you with a scimitar of venom.
* * * LOW HITPOINT WARNING * * *
You are more poisoned.
Your chain mail prevents you from hitting the wight.
* * * LOW HITPOINT WARNING * * *
You feel very sick. The wight hits you but does no damage.
Unknown command.
You hit the wight.
The wight is lightly damaged.
You die...

..................#
..................#
..................###
........†............
#####[####..##[.##.##
#####'####..##..##.#####
........#...............
........#........z......
........#.......@)......
........#.†.....$.......
######..##..###..#######
#..###+###..# #+##
..............
..............#
#.####.###..###
#+####+###+##
+.........#


You could see a wight.

Vanquished Creatures
  Grinder (D:5)
  Sigmund (D:4)
  An ice beast (D:5)
  An ogre (D:5)
  3 scorpions
  3 howler monkeys
  2 wights (D:6)
  An orc priest (D:4)
  3 hounds
  An iguana (D:6)
  A worker ant (D:6)
  A hound skeleton (D:4)
  A worker ant zombie (D:6)
  A howler monkey skeleton (D:4)
  7 adders
  2 shadow imps (D:5)
  An ooze (D:6)
  2 adder skeletons
  4 worms
  3 dart slugs (D:2)
  5 leopard geckos
  3 orcs
  A ball python (D:4)
  5 giant cockroaches
  7 hobgoblins
  15 jackals
  5 quokkas
  2 bats (D:2)
  3 frilled lizards
  8 goblins
  A jackal zombie (D:5)
  7 kobolds
  3 rats
105 creatures vanquished.

Notes
Turn   | Place    | Note
-------+----------+-------------------------------------------
     0 | D:1      | Peloso the Minotaur Fighter began the quest for the Orb.
     0 | D:1      | Reached XP level 1. HP: 19/19 MP: 0/0
    75 | D:1      | Reached XP level 2. HP: 26/27 MP: 1/1
   400 | D:2      | Reached XP level 3. HP: 26/33 MP: 2/2
   453 | D:2      | Found a shadowy altar of Dithmenos.
   500 | D:2      | Reached XP level 4. HP: 41/41 MP: 3/3
  1385 | D:3      | Found a snail-covered altar of Cheibriados.
  1928 | D:4      | Reached XP level 5. HP: 43/47 MP: 4/4
  1938 | D:4      | Found a stormy altar of Qazlal.
  1963 | D:4      | Found a staircase to the Ecumenical Temple.
  1966 | D:4      | Noticed Sigmund
  1982 | D:4      | Killed Sigmund
  1982 | D:4      | Reached skill level 1 in Dodging
  1982 | D:4      | Reached skill level 5 in Shields
  1982 | D:4      | Reached XP level 6. HP: 51/53 MP: 5/5
  1988 | Temple   | Entered the Ecumenical Temple
  2153 | D:4      | Reached skill level 5 in Armour
  2298 | D:4      | Reached skill level 5 in Long Blades
  2516 | D:4      | Found a radiant altar of Vehumet.
  2531 | D:5      | Entered Level 5 of the Dungeon
  2547 | D:5      | Found an iron altar of Okawaru.
  2547 | D:5      | Found a shattered altar of Ashenzari.
  2554 | D:5      | Became a worshipper of Warmaster Okawaru
  2570 | D:5      | Noticed an ice beast
  2580 | D:5      | Killed an ice beast
  2580 | D:5      | Reached skill level 5 in Fighting
  2580 | D:5      | Reached XP level 7. HP: 38/61 MP: 6/6
  2894 | D:5      | Noticed Grinder
  2904 | D:5      | Paralysed by Grinder for 7 turns
  2913 | D:5      | Killed Grinder
  2913 | D:5      | Reached * piety under Okawaru
  2941 | D:5      | Found a glowing golden altar of the Shining One.
  3282 | D:5      | Reached XP level 8. HP: 67/68 MP: 7/7
  3649 | D:6      | Reached ** piety under Okawaru
  4208 | D:6      | Reached skill level 1 in Axes
  4213 | D:6      | Succumbed to a wight's poison

Skill      XL: |  1  2  3  4  5  6  7  8 |
---------------+-------------------------+-----
Fighting       | 4 5 |  5.6
Shields        | 4 5 6 7 |  7.0
Armour         | 4 5 6 |  6.4
Long Blades    | 3 4 6 7 |  7.0
Dodging        | 1 2 |  2.8
Axes           | 1 |  1.0
Stealth        | |  0.5

Action                   |  1- 3 |  4- 6 |  7- 9 || total
-------------------------+-------+-------+-------++-------
Melee: Long sword        |    60 |   116 |    96 ||   272
       Headbutt          |     7 |    29 |    38 ||    74
       Hand axe          |       |       |    92 ||    92
  Use: Potion            |       |     1 |     1 ||     2
       Scroll            |       |       |    11 ||    11
  Eat: Chunk             |       |     4 |     4 ||     8
       Ration            |       |       |     1 ||     1
Armor: Scale mail        |    35 |    40 |    52 ||   127
       Chain mail        |       |       |    38 ||    38
Dodge: Dodged            |    32 |    39 |    55 ||   126
Block: Shield            |    44 |    43 |   135 ||   222
       Rpst.: Long sword |     9 |    10 |     8 ||    27
